 Dungeon Crawl Stone Soup version 0.27.1-4-g1640c2035a (webtiles) character file.

Game seed: 13483676432230818367

2 Jango the Insei (level 1, -3/17 HPs)
             Began as a Djinni Transmuter on Nov 4, 2021.
             Frozen to death by an endoplasm (6 damage)
             ... on level 1 of the Dungeon.
             The game lasted 00:03:12 (665 turns).

Jango the Insei (Djinni Transmuter)                  Turns: 665, Time: 00:03:14

Health: -3/17      AC:  2    Str:  9    XL:     1   Next: 44%
Gold:   17         EV: 12    Int: 14    God:
                   SH:  0    Dex: 13

rFire    + + .     SeeInvis .   b - +0 whip
rCold    x . .     Faith    .   (no shield)
rNeg     . . .     Spirit   .   a - +0 robe
rPois    ∞         Reflect  .   (no helmet)
rElec    .         Harm     .   (no cloak)
rCorr    .         Rampage  .   (no gloves)
Will     .....                  (boots unavailable)
Stlth    +.........             (no amulet)
HPRegen  0.05/turn              (no ring)
MPRegen  0.00/turn              (no ring)

@: flying
A: sickness immunity, fire resistance 2, cold vulnerability 1, float, innate
caster, hp casting, extra vitality 1
a: no special abilities


You were on level 1 of the Dungeon.
You visited 1 branch of the dungeon, and saw 1 of its levels.

You collected 17 gold pieces.

Inventory:

Hand Weapons
 b - a +0 whip (weapon)
Armour
 a - a +0 robe (worn)
 d - a +0 tower shield
Potions
 c - a potion of heal wounds {unknown}


   Skills:
 + Level 1.0 Fighting
 + Level 2.2 Dodging
 + Level 3.1 Unarmed Combat
 + Level 1.5 Spellcasting


You couldn't memorise any spells.
You knew the following spells:

 Your Spells              Type           Power      Damage    Failure   Level
a - Beastly Appendage     Tmut           10%        N/A       13%         1
b - Wereblood             Tmut           5%         N/A       21%         2
c - Spider Form           Tmut/Pois      2%         N/A       36%         3
d - Ice Form              Ice/Tmut       5%         N/A       78%         4
Your spell library was empty.

Dungeon Overview and Level Annotations

Branches:
Dungeon (1/15)

Altars:


Innate Abilities, Weirdness & Mutations

You are immune to sickness and miasma.
You are immune to poison.
Your flesh is very heat resistant. (rF++)
You are vulnerable to cold. (rC-)
You float through the air rather than walking.
You learn spells naturally, not from books.
Your magical power is your life essence.
You have superior vitality. (+4 HP)


Message History

You start waiting.
Done waiting.
You start waiting.
Done waiting.
You start waiting.
Done waiting.
Found a stone staircase leading down.
Found a purple potion.
A hobgoblin comes into view.
The hobgoblin shouts!
An endoplasm comes into view.
Found a tower shield.
The endoplasm quivers.
You see here a purple potion.
c - a purple potion The hobgoblin hits you.
The hobgoblin hits you.
You see here a +0 tower shield.
d - a +0 tower shield The hobgoblin closely misses you.
The hobgoblin misses you.
You start putting on your armour.
You continue putting on your +0 tower shield.
The endoplasm closely misses you. The hobgoblin barely misses you.
You continue putting on your +0 tower shield.
The endoplasm freezes you.
You are frozen!
You feel a terrible chill!
Keep equipping yourself? [Y]es or [N]o only, please.
Keep equipping yourself?
You stop putting on your armour.
The hobgoblin hits you.
* * * LOW HITPOINT WARNING * * *
The endoplasm barely misses you.
You hit the endoplasm.
The endoplasm is moderately wounded.
The endoplasm hits you but does no damage.
Found a robe.
The endoplasm freezes you.
You are frozen.
You feel a terrible chill!
You die...

#.# .. ####.####
#.......#
#.##.##.# #
#.##.#######
#.##.......###.# #
#.##..##......#
#.##.##..##.#.##
#........#.J@..#
####.##........#.#
#.##...g......#
#.......##......[
####.#####.######
#.# #.# #.. ..#
#### ##


You could see an endoplasm and a hobgoblin.

Vanquished Creatures
  A hobgoblin (D:1)
  A ball python (D:1)
  A kobold (D:1)
3 creatures vanquished.

Notes
Turn   | Place    | Note
-------+----------+-------------------------------------------
     0 | D:1      | Jango the Djinni Transmuter began the quest for the Orb.
     0 | D:1      | Reached XP level 1. HP: 17/17 MP: 0/0
   665 | D:1      | Frozen to death by an endoplasm

Illustrated notes

Levels and vault maps discovered:
D:1:      saegor_arrival_simple_b, layout_loops_cross,
          dreamdust_ecumenical_altar_angels_and_demons

Action                   || total
-------------------------++-------
Melee: Unarmed           ||    10
       Headbutt          ||     3
       Whip              ||     1
 Cast: Beastly Appendage ||     2
Armor: Robe              ||     1
Dodge: Dodged            ||    15
